 Dungeon Crawl Stone Soup version 0.31-a0-217-g58bb5d79cf (webtiles) character file.

Game seed: 2054961591576184286

31 gelatine the Shooter (level 3, 0/27 HPs)
             Began as a Demonspawn Hunter on July 3, 2023.
             Slain by Robin
             ... wielding a +0 whip
              (3 damage)
             ... on level 1 of the Dungeon.
             The game lasted 00:02:06 (898 turns).

gelatine the Shooter (Demonspawn Hunter)             Turns: 898, Time: 00:02:06

Health: 0/27       AC:  3    Str: 11    XL:     3   Next: 7%
Magic:  3/3        EV: 12    Int: 10    God:
Gold:   58         SH:  0    Dex: 18    Spells: 2/2 levels left

rFire   . . .        a - +0 shortbow
rCold   . . .        (shield currently unavailable)
rNeg    . . .        c - +0 leather armour
rPois   .            (helmet restricted)
rElec   .            (no cloak)
rCorr   .            (no gloves)
SInv    .            (no boots)
Will    .....        (no amulet)
Stlth   ++           (no ring)
HPRegen 0.24/turn    (no ring)
MPRegen 0.08/turn

%: no passive effects
@: no status effects
A: horns 2
a: no special abilities


You were on level 1 of the Dungeon.
You visited 1 branch of the dungeon, and saw 2 of its levels.

You collected 58 gold pieces.

Inventory:

Hand Weapons
 a - a +0 shortbow (weapon)
Armour
 c - a +0 leather armour (worn)
Scrolls
 b - a scroll of butterflies
 d - a scroll of teleportation {unknown}
 e - 3 scrolls of identify {unknown}
 f - a scroll of acquirement {unknown}
 h - a scroll of fog {unknown}


   Skills:
 + Level 2.1 Fighting
 + Level 4.4 Ranged Weapons
 + Level 1.9 Dodging
 + Level 0.9 Stealth


You had 2 spell levels left.
You didn't know any spells.
Your spell library was empty.

Dungeon Overview and Level Annotations

Branches:
Dungeon (2/15)

Altars:

Annotations:
D:1 Robin


Innate Abilities, Weirdness & Mutations

You have a pair of horns on your head.


Message History

The goblin closely misses you. The goblin misses you.
You shoot an arrow. The arrow barely misses the goblin.
The goblin closely misses you.
Robin's horned helmet rattles.
You shoot an arrow. The arrow closely misses the goblin.
The goblin hits you with a +2 vampiric dagger.
Robin barely misses you.
You shoot an arrow. The arrow hits the goblin!
You kill the goblin!
The goblin no longer looks unusually strong.
Robin roars a battlecry!
The goblin goes into a battle-frenzy!
Robin throws the goblin at you! The goblin hits you with a +0 club.
* * * LOW HITPOINT WARNING * * *
Things that are here:
a +2 vampiric dagger; a goblin corpse You shoot an arrow.
The arrow hits the goblin.
You kill the goblin!
Robin hits you with a +0 whip.
* * * LOW HITPOINT WARNING * * *
Robin attacks as you move away! Robin hits you with a +0 whip.
* * * LOW HITPOINT WARNING * * *
Things that are here:
a +0 club; a goblin corpse It was a potion of curing.
You feel better. Robin closely misses you.
You shoot an arrow. The arrow hits Robin.
Robin is heavily wounded.
Robin barely misses you. Robin hits you with a +0 whip.
You shoot an arrow. The arrow barely misses Robin.
Robin hits you with a +0 whip.
* * * LOW HITPOINT WARNING * * *
You shoot an arrow. The arrow hits Robin.
Robin is severely wounded.
Robin hits you but does no damage.
You shoot an arrow. The arrow closely misses Robin.
Robin hits you with a +0 whip.
* * * LOW HITPOINT WARNING * * *
You shoot an arrow. The arrow closely misses Robin.
Robin hits you with a +0 whip.
You die...

#.#.#......†..#
#.#.#.######.†######
#.#.#.#...##........
#.#.#.#.............
##.#.#.....##.#######
#..#.##...###.# #####
#.##.##..## #.# #....
#.##.##..# #.# #....
#.##@##..# #.# #....
#.##g#...####.###....
#.##>...........####.
#.######.####.#.####†
#...# #.# #.#...##.
###.####.# #.###..#[
######......# #.#
##... #....(..†.###
#.# ###.
#.#######.######.# #.


You could see Robin.

Vanquished Creatures
  3 endoplasms
  A giant cockroach (D:1)
  9 goblins
  4 hobgoblins
  A kobold (D:1)
  2 ball pythons
  2 frilled lizards
  5 rats (D:1)
27 creatures vanquished.

Notes
Turn   | Place    | Note
-------+----------+-------------------------------------------
     0 | D:1      | gelatine the Demonspawn Hunter began the quest for the Orb.
     0 | D:1      | Reached XP level 1. HP: 16/16 MP: 1/1
   429 | D:1      | Gained mutation: You have a pair of small horns on your
                  | head. [demonic ancestry]
   429 | D:1      | Reached XP level 2. HP: 22/22 MP: 2/2
   488 | D:1      | Reached skill level 4 in Ranged Weapons
   854 | D:2      | Noticed Robin
   878 | D:2      | Gained mutation: You have a pair of horns on your head.
                  | [demonic ancestry]
   878 | D:2      | Reached XP level 3. HP: 23/27 MP: 3/3
   892 | D:1      | HP: 1/27 [Robin/+0 whip (3)]
   898 | D:1      | Slain by Robin

Illustrated notes

Levels and vault maps discovered:
D:1:      wheals_arrival_shading, layout_basic
D:2:      layout_rooms, serial_shops, shop, basic_altar, uniq_robin

Skill      XL: |  1  2 |
---------------+-------+-----
Ranged Weapons | 4 |  4.4
Fighting       | |  2.1
Dodging        | |  1.9
Stealth        | |  0.9

Action                     || total
---------------------------++-------
   Fire: Shortbow          ||    76
    Use: Potion            ||     1
 Armour: Leather armour    ||    11
  Dodge: Dodged            ||    21

Table legend: (Time is in decaauts)
 A = Elapsed time spent in this place.
 B = Non-inter-level travel time spent in this place.
 C = Inter-level travel time spent in this place.
 D = Time resting spent in this place.
 E = Time spent auto-exploring this place.
 F = Levels seen in this place.
 G = Mean time per level.
                   A        B        C        D        E       F      G
               +--------+--------+--------+--------+--------+-----+--------+
         Total |    916 |    895 |     21 |      0 |    748 |   2 |  458.0 |
       Dungeon |    916 |    895 |     21 |      0 |    748 |   2 |  458.0 |
               +--------+--------+--------+--------+--------+-----+--------+

Top non-repeatable levels by time:
     D:1: 760 daAuts
     D:2: 155 daAuts
